 Dungeon Crawl Stone Soup version 0.13.1-2-gfb2c2b7 (webtiles) character file.

716 Lilouch the Skirmisher (level 7, -1/53 HPs)
             Began as a Mummy Chaos Knight on Dec 12, 2013.
             Was a Plaything of Xom.
             Slain by an orc priest
             ... wielding a +1,+0 orcish trident
              (3 damage)
             ... on Level 4 of the Dungeon.
             The game lasted 00:09:16 (3108 turns).

Lilouch the Skirmisher (Mummy Chaos Knight)         Turns: 3108, Time: 00:09:17

HP  -1/53        AC 17     Str 17      XL: 7   Next:  3%
MP   7/7         EV  2     Int 11      God: Xom
Gold 185         SH 26     Dex 16      Spells:  0 memorised,  6 levels left

Res.Fire  : . . .   See Invis. : .   v - +2,+0 orc flail (protect)
Res.Cold  : + . .   Warding    : .   e - +2 chain mail
Life Prot.: + + +   Conserve   : .   l - +0 large shield
Res.Poison: +       Res.Corr.  : .   f - +0 cap
Res.Elec. : .       Clarity    : .   u - -1 cloak of Death's Door {rF+}
Sust.Abil.: . .     Spirit.Shd : .   s - +0 pair of gloves
Res.Mut.  : .       Stasis     : .   (no boots)
Res.Rott. : +       Flight     : .   (no amulet)
Saprovore : . . .                    i - ring of hunger {unknown}
                                     g - +5 ring of dexterity

@: somewhat resistant to hostile enchantments, extremely unstealthy
A: no food or potions, fire vulnerability, restore body, cold resistance 1, life
protection 3, poison resistance, torment resistance, unbreathing
a: Renounce Religion


You were on level 4 of the Dungeon.
You worshipped Xom.
You were a favourite toy of Xom.
You were not hungry.

You visited 1 branch of the dungeon, and saw 4 of its levels.

You collected 165 gold pieces.

Inventory:

Hand weapons
 a - a +0,+0 mace of chaos
 p - a +0,+0 spear (quivered)
 v - a +2,+0 orcish flail of protection (weapon)
Armour
 b - a +2 leather armour
 e - a +2 chain mail (worn)
 f - a +0 cap (worn)
 l - a +0 large shield (worn)
 s - a +0 pair of gloves (worn)
 u - the -1 cloak of Death's Door (worn) {rF+}
   (You found it on level 4 of the Dungeon)

   It protects you from fire.
Magical devices
 h - a wand of flame (12) {unknown}
 t - a wand of polymorph (13) {unknown}
Scrolls
 c - a scroll of amnesia {unknown}
 d - 4 scrolls of remove curse
 k - a scroll of fog {unknown}
 m - 2 scrolls of fear {unknown}
 n - a scroll of identify {unknown}
 o - a scroll of curse jewellery {unknown}
 q - a scroll of random uselessness {unknown}
 r - a scroll of teleportation {unknown}
Jewellery
 g - a +5 ring of dexterity (left hand)
 i - a ring of hunger (right hand) {unknown}
 j - an uncursed ring of flight {unknown}
 w - a +4 ring of dexterity


   Skills:
 + Level 5.2 Fighting
 - Level 3.1 Maces & Flails
 + Level 3.8 Armour
 - Level 0.7 Dodging
 + Level 2.6 Shields


You had 6 spell levels left.
You didn't know any spells.

Dungeon Overview and Level Annotations

Branches:
Dungeon (4/27)
 Temple: D:4-7

Altars:


Innate Abilities, Weirdness & Mutations

You do not eat or drink.
Your flesh is vulnerable to fire.
Your flesh is cold resistant.
You are immune to negative energy.
Your system is resistant to poisons.
You are immune to unholy pain and torment.
You can survive without breathing.


Message History

The orc is almost dead.
The bat barely misses you. The orc hits you but does no damage.
You block the orc priest's attack.
You hit the orc but do no damage.
The orc is almost dead.
You block the bat's attack. The orc hits you with an orcish mace.
* * * LOW HITPOINT WARNING * * *
The orc priest hits you but does no damage.
You block the bat's attack. The orc hits you but does no damage.
The orc priest calls down the wrath of Beogh upon you.
Something smites you!
* * * LOW HITPOINT WARNING * * *
Xom thinks this is hilarious!
Read which item? (? for menu, Esc to quit)
As you read the scroll labeled BLODOA LANOHINY, it crumbles to dust.
You feel as if something is helping you.
It was a scroll of remove curse.
The bat hits you but does no damage. You block the orc's attack.
The orc priest hits you from afar with an orcish trident.
You die...

..........................
..........................
...........................
...........................
...........................
.......%...................
........#o...#.......#.....
........#o...#)...........
...#.#..b@...........[)...
#.#......................#
#...#.#.....!.......#..!.
##.####.................# #
##......#.....#.##.
###..##...........
####............
##.##.#...... ###...#.....


You could see an orc priest (inner flame), an orc and a bat.

Vanquished Creatures
  Grinder (D:3)
  A jelly (D:3)
  A centaur skeleton (D:4)
  2 orc wizards (D:4)
  An iguana (D:4)
  5 adders
  3 worms
  2 giant geckos
  An ooze (D:1)
  17 orcs
  2 ball pythons
  5 giant cockroaches
  9 hobgoblins
  4 jackals (D:4)
  A quokka (D:3)
  10 bats
  5 giant newts
  7 goblins
  10 kobolds
  An orc skeleton (D:4)
  13 rats
101 creatures vanquished.

Notes
Turn   | Place    | Note
--------------------------------------------------------------
     0 | D:1      | Lilouch, the Mummy Chaos Knight, began the quest for the Orb.
     0 | D:1      | Reached XP level 1. HP: 16/16 MP: 1/1
     3 | D:1      | XOM: harmless Conj miscast
   281 | D:1      | Reached XP level 2. HP: 22/22 MP: 2/2
   317 | D:1      | XOM is BORED!
   317 | D:1      | XOM: mild Chrm miscast
   535 | D:1      | XOM: harmless Fire miscast
   712 | D:2      | XOM: silly message
   718 | D:2      | Reached XP level 3. HP: 26/28 MP: 3/3
   742 | D:2      | XOM: divination: magic mapping
  1489 | D:3      | Noticed Grinder
  1521 | D:3      | Paralysed by Grinder for 3 turns
  1601 | D:3      | Reached XP level 4. HP: 34/34 MP: 4/4
  1764 | D:3      | Reached skill level 4 in Fighting
  1962 | D:3      | Killed Grinder
  1962 | D:3      | Reached skill level 1 in Shields
  1962 | D:3      | Reached XP level 5. HP: 40/40 MP: 5/5
  1962 | D:3      | Reached XP level 6. HP: 47/47 MP: 6/6
  2208 | D:3      | XOM: harmless Trmt miscast
  2300 | D:3      | XOM: cast spell 'Flight'
  2332 | D:3      | XOM: mild Ice miscast
  2360 | D:4      | Reached skill level 5 in Fighting
  2502 | D:4      | XOM: confusion (+ monsters)
  2625 | D:4      | XOM: mild Divn miscast
  2643 | D:4      | XOM: divination: magic mapping
  2884 | D:4      | Got an ichor-stained cloak
  2887 | D:4      | Identified the cursed -1 cloak of Death's Door {rF+} (You found it on level 4 of the Dungeon)
  3010 | D:4      | XOM: blink monster(s)
  3014 | D:4      | Reached XP level 7. HP: 53/53 MP: 7/7
  3096 | D:4      | XOM: inner flame monster(s)
  3107 | D:4      | HP: 1/53 [orc priest/divine providence (9)]
  3108 | D:4      | Slain by an orc priest

Action                   |  1- 3 |  4- 6 |  7- 9 || total
-------------------------+-------+-------+-------++-------
Melee: Mace              |   147 |   168 |    10 ||   325
       Flail             |       |       |    21 ||    21
Throw: Spear             |       |     1 |       ||     1
  Use: Scroll            |       |       |     1 ||     1
 Stab: Petrifying        |     1 |     1 |       ||     2
       Paralysed         |       |     4 |       ||     4
       Confused          |       |     1 |       ||     1
       Petrified         |       |     1 |       ||     1
